 Dungeon Crawl Stone Soup version 0.26-a0-54-g15ccc7ae60 (webtiles) character file.

Game seed: 8217425456103885656

16 Hasart the Ruffian (level 2, -3/23 HPs)
             Began as a Draconian Transmuter on June 8, 2020.
             Slain by an adder (5 damage)
             ... on level 2 of the Dungeon.
             The game lasted 00:01:36 (949 turns).

Hasart the Ruffian (Draconian Transmuter)            Turns: 949, Time: 00:01:37

Health: -3/23      AC:  5    Str: 12    XL:     2   Next: 37%
Magic:  5/5        EV: 12    Int: 13    God:
Gold:   44         SH:  0    Dex: 11    Spells: 2/5 levels left

rFire    . . .     SeeInvis .     - Unarmed
rCold    . . .     Gourm    .   (no shield)
rNeg     . . .     Faith    .   (armour unavailable)
rPois    .         Spirit   .   (helmet restricted)
rElec    .         Reflect  .   (no cloak)
rCorr    .         Harm     .   (no gloves)
MR       .....     Rnd*Tele +   e - +0 pair of boots
Stlth    +.........             (no amulet)
HPRegen  0.07/turn              i - ring of teleportation (curse)
MPRegen  0.09/turn              (no ring)

@: lethally poisoned (-3 -> -12), appendage (expiring)
A: unfitting armour, horns 2, cold-blooded, AC +4
a: End Transformation


You were on level 2 of the Dungeon.
You were not hungry.
You had grown temporary horns.
You visited 1 branch of the dungeon, and saw 2 of its levels.

You collected 44 gold pieces.

Inventory:

Missiles
 a - 33 arrows
Armour
 e - a +0 pair of boots (worn)
Jewellery
 i - a cursed ring of teleportation (left hand)
Scrolls
 b - a scroll of fear {unknown}
 d - 2 scrolls of teleportation {unknown}
 f - a scroll of immolation {unknown}
 h - a scroll of fog {unknown}
Comestibles
 c - 2 rations
 g - 5 chunks of flesh


   Skills:
 + Level 1.4 Fighting
 + Level 1.9 Dodging
 * Level 3.3 Unarmed Combat
 + Level 2.1 Spellcasting
 + Level 2.1 Transmutations


You had 2 spell levels left.
You knew the following spells:

 Your Spells              Type           Power        Failure   Level  Hunger
a - Beastly Appendage     Tmut           #.....       11%         1    ##.....
b - Sticks to Snakes      Tmut           #.......     16%         2    ###....

Your spell library contained the following spells:

 Spells                   Type           Power        Failure   Level  Hunger
 Spider Form              Tmut/Pois      #.........   43%         3    ####...
 Ice Form                 Ice/Tmut       #.......     85%         4    #####..
 Blade Hands              Tmut           #.........   96%         5    ######.


Dungeon Overview and Level Annotations

Branches:
Dungeon (2/15)

Altars:


Innate Abilities, Weirdness & Mutations

Your plain brown scales are hard. (AC +4)
You cannot fit into any form of body armour.
You are cold-blooded and may be slowed by cold attacks.
You have a pair of horns on your head.


Message History

The adder bites you.
* * * LOW HITPOINT WARNING * * *
You closely miss the adder. The adder barely misses you.
The adder bites you but does no damage.
You hit the adder.
The adder is moderately wounded.
You feel sick. The adder bites you.
* * * LOW HITPOINT WARNING * * *
You are more poisoned.
The adder poisons you!
You completely miss the adder.
You headbutt the adder, but do no damage.
The adder is moderately wounded.
The adder barely misses you.
You hit the adder but do no damage.
You tail-slap the adder, but do no damage.
The adder is moderately wounded.
* * * LOW HITPOINT WARNING * * *
You feel sick. The adder bites you.
You die...

#.##########.#
.....lS@.....#
#.#########..#
..# #


You could see an adder and a frilled lizard.

Vanquished Creatures
  2 bats (D:1)
  A giant cockroach (D:1)
  2 goblins
  3 hobgoblins
  2 kobolds (D:1)
  A rat (D:2)
11 creatures vanquished.

Vanquished Creatures (collateral kills)
  A worm (D:2)
1 creature vanquished.

Grand Total: 12 creatures vanquished

Notes
Turn   | Place    | Note
-------+----------+-------------------------------------------
     0 | D:1      | Hasart the Draconian Transmuter began the quest for the
                  | Orb.
     0 | D:1      | Reached XP level 1. HP: 16/16 MP: 3/3
   294 | D:1      | Reached XP level 2. HP: 6/23 MP: 3/5
   847 | D:1      | Learned a level 2 spell: Sticks to Snakes
   949 | D:2      | Slain by an adder

Illustrated notes

Levels and vault maps discovered:
D:1:      lightli_iron_boxes, layout_basic
D:2:      layout_basic

Action                   || total
-------------------------++-------
Melee: Unarmed           ||    53
       Tailslap          ||     8
       Headbutt          ||     2
 Cast: Beastly Appendage ||     3
       Sticks to Snakes  ||     1
Armor: Skin              ||    20
Dodge: Dodged            ||    43

Table legend:
 A = Non-vault XP
 B = Vault XP
 C = Vault XP percentage of total XP
 D = Non-vault monster count
 E = Vault monster count
 F = Vault count percentage of total count
                 A         B        C        D         E       F
            +---------+---------+-------+---------+---------+-------
      Total |      23 |       0 |   0.0 |      12 |       0 |   0.0
            +---------+---------+-------+---------+---------+-------
        D:1 |      14 |       0 |   0.0 |       8 |       0 |   0.0
        D:2 |       9 |       0 |   0.0 |       4 |       0 |   0.0
            +---------+---------+-------+---------+---------+-------
